 Dungeon Crawl Stone Soup version 0.20-a0-454-g2b43fbb (webtiles) character file.

46 Kidiri the Magician (level 3, -3/28 HPs)
             Began as a Deep Elf Fire Elementalist on Jan 9, 2017.
             Was an Initiate of Vehumet.
             Slain by a sky beast (4 damage)
             ... on level 3 of the Dungeon.
             The game lasted 00:04:28 (1574 turns).

Kidiri the Magician (Deep Elf Fire Elementalist)    Turns: 1574, Time: 00:04:29

Health: -3/28      AC:  6    Str: 10    XL:     3   Next: 44%
Magic:  9/10       EV: 13    Int: 25    God:    Vehumet [......]
Gold:   107        SH:  0    Dex: 15    Spells: 1/10 levels left

rFire  . . .     SeeInvis .     i - +0 dagger
rCold  . . .     Gourm    .     a - +0 robe
rNeg   . . .     Faith    .     (no shield)
rPois  .         Spirit   .     (no helmet)
rElec  .         Reflect  .     m - +0 cloak
rCorr  .         Harm     .     h - +0 pair of gloves
MR     .....                    f - +1 pair of boots
Stlth  ..........               (no amulet)
                                (no ring)
                                (no ring)

@: brilliant, berserking, very quick
A: no striking features
a: Renounce Religion


You were on level 3 of the Dungeon.
You worshipped Vehumet.
Vehumet was noncommittal.
You were not hungry.

You visited 2 branches of the dungeon, and saw 5 of its levels.

You collected 107 gold pieces.

Inventory:

Hand Weapons
 i - a +0 dagger (weapon)
Armour
 a - a +0 robe (worn)
 f - a +1 pair of boots (worn)
 h - a +0 pair of gloves (worn)
 m - a +0 cloak (worn)
 q - a cursed +0 large shield
Jewellery
 s - an uncursed amulet of magic regeneration {unknown}
Wands
 x - a wand of iceblast (9/15)
Scrolls
 e - a scroll of recharging {unknown}
 g - a scroll of magic mapping {unknown}
 k - 2 scrolls of amnesia {unknown}
 o - 3 scrolls of identify {unknown}
 t - a scroll of enchant armour {unknown}
 u - a scroll of remove curse {unknown}
 w - a scroll of teleportation {unknown}
Potions
 d - a potion of agility {unknown}
 j - a potion of berserk rage
 n - a potion of invisibility {unknown}
 p - a potion of brilliance
 r - 2 potions of lignification {unknown}
 v - a potion of ambrosia {unknown}
 z - a potion of resistance {unknown}
Books
 b - a book of Flames

   Spells                             Type                      Level
   a - Flame Tongue                   Conjuration/Fire             1
   b - Throw Flame                    Conjuration/Fire             2
   c - Conjure Flame                  Conjuration/Fire             3
   d - Inner Flame                    Hexes/Fire                   3
   e - Sticky Flame                   Conjuration/Fire             4
   f - Fireball                       Conjuration/Fire             5
Comestibles
 c - 3 bread rations
 l - a beef jerky
 A - a chunk of flesh


   Skills:
 - Level 2.4 Dodging
 - Level 2.4 Stealth
 * Level 4.2 Spellcasting
 + Level 2.1 Conjurations
 + Level 3.7 Fire Magic


You had one spell level left.
You knew the following spells:

 Your Spells              Type           Power        Failure   Level  Hunger
a - Flame Tongue          Conj/Fire      #####        1%          1    None
b - Throw Flame           Conj/Fire      #####.       1%          2    None
c - Conjure Flame         Conj/Fire      #####...     1%          3    ##.....
d - Inner Flame           Hex/Fire       ####....     1%          3    ##.....


Dungeon Overview and Level Annotations

Branches:
Dungeon (4/15)             Temple (1/1) D:4

Altars:
Ashenzari
Cheibriados
Dithmenos
Elyvilon
Fedhas
Gozag
Kikubaaqudgha
Nemelex Xobeh
Okawaru
Qazlal
Sif Muna
Trog
Uskayaw
Vehumet
Xom
Yredelemnul
The Shining One


Message History

You kill the goblin!
Vehumet accepts your kill.
Casting: Flame Tongue
Confirm with . or Enter, or press ? or * to list all spells.
Aiming: Flame Tongue
Press: ? - help, Shift-Dir - straight line Something hits you.
Something shocks you.
It was a potion of brilliance.
You feel clever all of a sudden. Something hits you. Something shocks you.
* * * LOW HITPOINT WARNING * * *
It was a potion of berserk rage.
A red film seems to cover your vision as you go berserk!
You feel yourself moving faster!
You feel mighty! Something hits you but does no damage.
You are too berserk!
You miss something. You hit something. Something barely misses you.
You barely miss something. Something hits you.
You die...

>...#.. #.#####......#
..... #.# #.###..# ... #.#
#.###..## #.# #.# #........
#######.#####.#####.###..##
....................# #..#
.##.###.#####.####..# #..#
#.####........###..#
#..{@...##.........##
#######..............
#(##........###
###...........#
.....>.......##
######.......# #.......#
#.#####.# #. #.#


There were no monsters in sight!

Vanquished Creatures
  An adder (D:2)
  A worm (D:2)
  3 leopard geckos
  A bat (D:2)
  4 giant cockroaches
  5 goblins
  8 hobgoblins
  2 frilled lizards (D:3)
  A kobold (D:1)
  A rat (D:1)
27 creatures vanquished.

Notes
Turn   | Place    | Note
-------+----------+-------------------------------------------
     0 | D:1      | Kidiri the Deep Elf Fire Elementalist began the quest for the Orb.
     0 | D:1      | Reached XP level 1. HP: 10/10 MP: 6/6
   686 | D:2      | Reached XP level 2. HP: 15/15 MP: 5/8
   754 | D:2      | Reached skill level 4 in Spellcasting
   790 | D:2      | Reached XP level 3. HP: 19/19 MP: 6/10
   794 | D:2      | Learned a level 2 spell: Throw Flame
   798 | D:2      | Learned a level 3 spell: Conjure Flame
   802 | D:2      | Learned a level 3 spell: Inner Flame
  1280 | D:2      | You fall through a shaft for 2 floors!
  1280 | D:4      | Found a staircase to the Ecumenical Temple.
  1287 | Temple   | Entered the Ecumenical Temple
  1448 | Temple   | Became a worshipper of Vehumet
  1555 | D:3      | Noticed a sky beast
  1574 | D:3      | Slain by a sky beast

Vault maps used:
D:1:      lightli_arrival_isolated_outpost, due_unseen_surprise
D:2:      first_bread
D:4:      minmay_goblin_outpost
Temple:   minmay_crystal_spiral_temple

Skill      XL: |  1  2  3 |
---------------+----------+-----
Spellcasting   | 4 |  4.2
Conjurations   | 2 |  2.1
Dodging        | |  2.4
Stealth        | |  2.4
Fire Magic     | |  3.7

Action                   || total
-------------------------++-------
Melee: Dagger            ||    38
 Cast: Flame Tongue      ||    30
  Use: Potion            ||     2
 Stab: Sleeping          ||    10
  Eat: Chunk             ||     2
Armor: Robe              ||    11
Dodge: Dodged            ||    22
